 Dungeon Crawl Stone Soup version 0.31-a0-1202-ga8fea8b373 (webtiles) character file.

Game seed: 10243712177439457635

422 Inarius the Trooper (level 6, 0/49 HPs)
             Began as a Mummy Fighter on Dec 12, 2023.
             Slain by an ogre
             ... wielding a +0 giant spiked club
              (10 damage)
             ... on level 4 of the Dungeon.
             The game lasted 00:03:50 (2778 turns).

Inarius the Trooper (Mummy Fighter)                 Turns: 2778, Time: 00:03:50

Health: 0/49       AC: 13    Str: 22    XL:     6   Next: 63%
Magic:  6/6        EV:  8    Int:  7    God:
Gold:   322        SH:  4    Dex: 11    Spells: 5/5 levels left

rFire   . . .        a - +0 war axe
rCold   . . .        c - +0 buckler
rNeg    + + +        l - +4 chain mail
rPois   ∞            (no helmet)
rElec   .            (no cloak)
rCorr   .            (no gloves)
SInv    .            (no boots)
Will    .....        (no amulet) Stlth
                     e - ring of fire
HPRegen 0.28/turn    (no ring)
MPRegen 0.10/turn

%: faith
@: no status effects
A: cold resistance 1, negative energy resistance 3, torment resistance 2, heat
vulnerability 1, in touch with death 1, no potions, faith
a: no special abilities


You were on level 4 of the Dungeon.
You visited 1 branch of the dungeon, and saw 4 of its levels.

You collected 322 gold pieces.

Inventory:

Hand Weapons
 a - a +0 war axe (weapon)
 k - a +2 dagger of venom
Armour
 c - a +0 buckler (worn)
 l - a +4 chain mail (worn)
Jewellery
 e - a ring of fire (left hand)
Wands
 i - a wand of digging (8)
Scrolls
 b - a scroll of amnesia {unknown}
 d - a scroll of brand weapon {unknown}
 f - 2 scrolls of teleportation {unknown}
 g - 2 scrolls of identify {unknown}
 h - a scroll of silence {unknown}


   Skills:
 * Level 4.6 Fighting
 + Level 3.5 Axes
 + Level 3.3 Armour
 + Level 3.1 Shields
 * Level 1.7 Evocations


You had 5 spell levels left.
You didn't know any spells.
Your spell library contained the following spells:

 Spells                   Type           Power      Damage    Failure   Level
 Slow                     Hex            0%         N/A       98%         1
 Confusing Touch          Hex            0%         N/A       100%        3
 Sigil of Binding         Hex            0%         N/A       100%        3
 Stone Arrow              Conj/Erth      0%         3d7       100%        3
 Vampiric Draining        Necr           0%         2d6       100%        3
 Animate Armour           Summ/Erth      0%         N/A       100%        4
 Lehudib's Crystal Spear  Conj/Erth      0%         10d2      100%        8


Dungeon Overview and Level Annotations

Branches:
Dungeon (4/15)
 Temple: D:4-7

Altars:
Ru


Innate Abilities, Weirdness & Mutations

You are immune to poison.
Your flesh is cold resistant. (rC+)
You are immune to negative energy. (rN+++)
You are immune to unholy pain and torment.
You are vulnerable to heat. (rF-)
You are in touch with the powers of death.
You do not drink.
You have a special connection with the divine. (Faith)


Message History

No target in view!
You now have 306 gold pieces (gained 17).
You now have 322 gold pieces (gained 16).
A giant cockroach comes into view.
Found a stone staircase leading down.
A giant cockroach is nearby!
An ogre comes into view. It is wielding a +0 giant spiked club.
The ogre shouts!
Found 13 gold pieces.
Found an escape hatch in the floor.
The giant cockroach bites you but does no damage. x2
You slash the giant cockroach!
You kill the giant cockroach!
The ogre hits you with a +0 giant spiked club!
You slash the ogre!
The ogre is moderately wounded.
The ogre hits you with a +0 giant spiked club!!
Ouch! That really hurt!
* * * LOW HITPOINT WARNING * * *
You are too injured to fight recklessly!
You are too injured to fight recklessly!
You are too injured to fight recklessly!
You are too injured to fight recklessly!
You are too injured to fight recklessly!
You are too injured to fight recklessly!
You are too injured to fight recklessly!
You are too injured to fight recklessly!
You are too injured to fight recklessly!
You are too injured to fight recklessly!
You are too injured to fight recklessly!
You are too injured to fight recklessly!
You are too injured to fight recklessly!
You are too injured to fight recklessly!
You are too injured to fight recklessly!
You are too injured to fight recklessly!
You are too injured to fight recklessly!
You hit the ogre.
The ogre is heavily wounded.
The ogre hits you with a +0 giant spiked club!
You die...

.....#.#..#.#
..<..#......>....#
...#.#.##.#..$...#
...#.####..###...#
...#....# .......#
...####.# #....#
........#
#....#######
#########
#..>O....... #@#
###### #.# .....#
######.#########
.###.#
................#
.# #.#
#######.#.......#
## #.#
#.##.######.# #.#
#...........# #.#
###.######### #.#
#.#


You could see an ogre.

Vanquished Creatures
  Grinder (D:3)
  A scorpion (D:4)
  Terence (D:2)
  2 orc wizards (D:2)
  A gnoll (D:1)
  3 adders (D:2)
  A dart slug (D:1)
  5 orcs
  10 bats
  An endoplasm (D:4)
  4 giant cockroaches
  9 goblins
  6 hobgoblins
  A quokka (D:3)
  3 ball pythons
  2 frilled lizards
  10 kobolds
  6 rats
67 creatures vanquished.

Notes
Turn   | Place    | Note
-------+----------+-------------------------------------------
     0 | D:1      | Inarius the Mummy Fighter began the quest for the Orb.
     0 | D:1      | Reached XP level 1. HP: 18/18 MP: 1/1
   141 | D:1      | Reached XP level 2. HP: 24/24 MP: 2/2
   186 | D:1      | Found a faded altar of an unknown god.
   422 | D:1      | Reached XP level 3. HP: 21/29 MP: 3/3
   939 | D:2      | Reached XP level 4. HP: 37/37 MP: 4/4
  1206 | D:2      | Noticed Terence
  1240 | D:2      | Killed Terence
  1735 | D:3      | Noticed Grinder
  2097 | D:2      | Reached XP level 5. HP: 18/42 MP: 5/5
  2104 | D:2      | Reached skill level 4 in Fighting
  2104 | D:2      | Reached skill level 1 in Evocations
  2326 | D:3      | Killed Grinder
  2327 | D:3      | Reached XP level 6. HP: 49/49 MP: 6/6
  2386 | D:3      | Found a sacrificial altar of Ru.
  2778 | D:4      | Slain by an ogre

Illustrated notes

Levels and vault maps discovered:
D:1:      dpeg_arrival_rhombus, layout_basic,
          chequers_ecumenical_altar_simple_redux
D:2:      layout_basic, minmay_misc_feat_doors, corexii_leaking_fountain,
          minmay_misc_feat_chi, uniq_terence
D:3:      cheibrodos_helix_gallery, layout_basic,
          nicolae_ru_the_path_less_chosen, nicolae_figureground_sparkle,
          uniq_grinder
D:4:      minmay_evil_eye, layout_basic,
          mainiacjoe_overflow_concentric_impassable, st_stairs_8,
          nicolae_kite_square_tiling_tiny, due_unseen_surprise

Skill      XL: |  1  2  3  4  5 |
---------------+----------------+-----
Axes           | 2 3 |  3.5
Armour         | 3 |  3.3
Fighting       | 4 |  4.6
Evocations     | 1 |  1.7
Shields        | 3 |  3.1

Action                     |  1- 3 |  4- 6 || total
---------------------------+-------+-------++-------
  Melee: War axe           |    86 |   174 ||   260
 Armour: Scale mail        |    63 |    18 ||    81
         Chain mail        |       |   138 ||   138
  Dodge: Dodged            |    51 |    56 ||   107
  Block: Buckler           |    31 |    38 ||    69

Table legend: (Time is in decaauts)
 A = Elapsed time spent in this place.
 B = Non-inter-level travel time spent in this place.
 C = Inter-level travel time spent in this place.
 D = Time resting spent in this place.
 E = Time spent auto-exploring this place.
 F = Levels seen in this place.
 G = Mean time per level.
                   A        B        C        D        E       F      G
               +--------+--------+--------+--------+--------+-----+--------+
         Total |   2885 |   2771 |    114 |    386 |   1735 |   4 |  721.2 |
       Dungeon |   2885 |   2771 |    114 |    386 |   1735 |   4 |  721.2 |
               +--------+--------+--------+--------+--------+-----+--------+

Top non-repeatable levels by time:
     D:2: 1189 daAuts
     D:1: 792 daAuts
     D:3: 775 daAuts
     D:4: 128 daAuts
